 Dungeon Crawl Stone Soup version 0.18-a0-1542-g9c1a92e (webtiles) character file.

136478 namelastname112 the Severer (level 16, -5/147 HPs)
             Began as a Mottled Draconian Abyssal Knight on Mar 10, 2016.
             Was a High Priest of Lugonu.
             Shot with an arrow by a deep elf master archer (24 damage)
             ... on level 3 of the Elven Halls.
             The game lasted 01:00:55 (38094 turns).

namelastname112 the Severer (DrAK)                 Turns: 38094, Time: 01:00:55

Health: -5/147     AC: 18    Str: 20    XL:     16   Next: 66%
Magic:  22/30      EV: 22    Int: 15    God:    Lugonu [*****.]
Gold:   3143       SH: 10    Dex: 19    Spells: 0 memorised, 15 levels left

rFire  + + .     SeeInvis +     c - +9 broad axe of Cheese {chop, rF+ Str+2 Int-3 SInv}
rCold  + . .     Gourm    .     (armour unavailable)
rNeg   . . .     Faith    +     W - +3 warlock's mirror {reflect}
rPois  .         Spirit   .     L - +1 hat
rElec  .         Dismiss  .     H - +1 cloak {+Inv}
rCorr  .         Reflect  +     U - +2 pair of gloves {Dex+3}
SustAt .         Harm     .     V - +2 pair of boots
MR     +....                    o - amulet of faith
Stlth  ++........               N - +5 ring of intelligence
                                S - ring of protection from fire

@: flying, drained, somewhat resistant to hostile enchantments, unstealthy
A: breathe sticky flame splash, unfitting armour, big wings, cold resistance 1,
high mp 1, strong 1, cold-blooded, AC +9
a: Breathe Sticky Flame, Stop Flying, Depart the Abyss, Bend Space, Banish,
Corrupt, Enter the Abyss, Renounce Religion, Evoke Invisibility


You were on level 3 of the Elven Halls.
You worshipped Lugonu.
Lugonu was extremely pleased with you.
You were near starving.

You visited 4 branches of the dungeon, and saw 28 of its levels.
You visited the Abyss 1 time.
You also visited: Sewer.

You collected 3560 gold pieces.
You spent 417 gold pieces at shops.

Inventory:

Hand Weapons
 c - the +9 broad axe of Cheese (weapon) {chop, rF+ Str+2 Int-3 SInv}
   (You acquired it on level 7 of the Dungeon)

   It inflicts extra damage upon your enemies.
   It affects your strength (+2).
   It affects your intelligence (-3).
   It protects you from fire.
   It lets you see invisible.
 D - a +2 demon whip of flaming
Armour
 H - a +1 cloak of invisibility (worn)
 L - a +1 hat (worn)
 U - a +2 pair of gloves of dexterity (worn)
 V - a +2 pair of boots (worn)
 W - the +3 warlock's mirror (worn) {reflect}
   (You acquired it on level 8 of the Lair of Beasts)
Rods
 n - a +1 rod of inaccuracy (11/11)
   (You found it on level 2 of the Lair of Beasts)
Jewellery
 e - an uncursed ring of fire
 o - an amulet of faith (around neck)
 F - an uncursed ring of sustain attributes
 N - a +5 ring of intelligence (right hand)
 S - a ring of protection from fire (left hand)
Wands
 a - a wand of lightning (11/15)
 g - a wand of iceblast (8/15)
 r - a wand of acid (10/15)
 G - a wand of teleportation (8/9)
 P - a wand of iceblast (0/15)
 T - a wand of lightning (4/15)
 Z - a wand of lightning (7/15)
Scrolls
 j - 2 scrolls of teleportation
 k - 5 scrolls of fog
 p - 4 scrolls of identify
 q - 16 scrolls of remove curse
 t - a scroll of silence
 A - 7 scrolls of magic mapping
 E - 3 scrolls of blinking
 J - 4 scrolls of recharging
 Y - a scroll of fear
Potions
 f - 5 potions of haste
 h - 7 potions of flight
 i - a potion of magic
 l - 12 potions of curing
 w - 6 potions of agility
 x - 5 potions of ambrosia
 C - 3 potions of invisibility
 M - a potion of brilliance
 O - 3 potions of resistance
 R - 3 potions of cancellation
Miscellaneous
 v - a stone of tremors
 Q - a sack of spiders
Comestibles
 b - 13 bread rations
 z - 32 fruits


   Skills:
 + Level 14.4(13.5) Fighting
 + Level 15.5(14.6) Axes
 + Level 12.1(11.3) Dodging
 - Level 10.0(9.2) Shields
 - Level 15.2(14.3) Invocations
 + Level 7.6(6.8) Evocations


You had 15 spell levels left.
You didn't know any spells.

Dungeon Overview and Level Annotations

Branches:
Dungeon (15/15)            Temple (0/1) D:7            Lair (8/8) D:11
 Shoals (0/4) Lair:3        Snake (0/4) Lair:4        Slime (0/6) Lair:7
    Orc (2/2) D:12            Elf (3/3) Orc:2        Vaults (0/5) D:14
 Depths (0/5) D:15

Altars:
Cheibriados
Dithmenos
Fedhas
Gozag
Kikubaaqudgha
Makhleb
Okawaru
Pakellas
Ru
Trog
Vehumet
Yredelemnul
The Shining One
Beogh
Lugonu

Shops:
D:7 *   D:12 =   Orc:2 (%}*   Elf:1 }   Elf:2 !

Portals:
Hell: Lair:8
Pandemonium: Orc:2
Trove: D:10 (give horn of Geryon)

Annotations:
Lair:8 corrupted
Orc:2 corrupted
Elf:2 3 runed doors
Elf:3 corrupted
Abyss:1 Azrael


Innate Abilities, Weirdness & Mutations

You can spit globs of burning liquid.
You can ignite nearby creatures when you spit burning liquid.
Your weird mottled scales are hard (AC +9).
Your body does not fit into most forms of armour.
You are cold-blooded and may be slowed by cold attacks.
Your large and strong wings let you fly indefinitely.
Your flesh is cold resistant.
You have an increased reservoir of magic (+10% MP).
Your muscles are strong. (Str +2)


Message History

The bolt of negative energy misses you.
Press: ? - help, Shift-Dir - straight line, f - deep elf death mage
Aim: a deep elf death mage, wielding a broad axe of flaming and wearing a ring mail (chance to defeat MR: 13%)
Okay, then.
Unknown command.
Unknown command.
You see here 2 arrows.
Items here: ))))) [[[ | Read which item? (? for menu, Esc to quit)
As you read the scroll of teleportation, it crumbles to dust.
You feel strangely unstable.
Your surroundings suddenly seem different.
The deep elf master archer shouts!
You block the deep elf sorcerer's attack.
The ghostly deep elf death mage points at you and mumbles some strange words.
The bolt of negative energy hits you!
You feel drained.
* * * LOW HITPOINT WARNING * * *
The deep elf master archer shoots an arrow.
The arrow hits you!!
You die...

,,,***,,,,#((.(§.......#*,,,,***,
,,,,*,,,,,##.#..#...#..#*,,,,,*,,
,,,,,,,,,.*#))#(..#....#*,,,,,,,,
,,,,,,,,,.)##§#.#.#..#e#e,,,,,,,,
*,,,,,,,,....#§.#...##.).,,,,,,,,
**,,,,,,,..).)##.####....,,,,,,,,
***,,,,,....).#...#..X.e,,,,,,**
**,,,,...).....e#...(e,,,,,**
*,,,.......e@)[......,,,,,*
*,,e###..#......#...#**,,,*
*,,,**###.)[.[)..[#.#*,,,,*
*,,,,,**##.)[..[.##*.,,,,,*
*,,,,,,,*###).).##*,,,,,,,*
*,,,,,,,,**e.)###*,,,,,,,,*
*,,,,,,,,,.#...*,,,,,,,,,,*
*,,,,,,,,,.....,,,,,,,,,,,*
*,,,,,,,,.,....,,,,,,,,,,,*


You could see a deep elf master archer, a ghostly deep elf death mage and a deep
elf sorcerer.

Vanquished Creatures
  Saint Roka (Elf:3)
  Jorgrun (Elf:3)
  A deep elf master archer (Elf:3)
  Gastronok (Lair:2)
  Agnes (Elf:1)
  Maud (Lair:8)
  Donald (Elf:1)
  A deep elf sorcerer (Elf:3)
  A deep elf demonologist (Elf:2)
  2 deep elf annihilators (Elf:3)
  3 deep elf death magi (Elf:3)
  Josephine (D:13)
  A fire dragon (Lair:8)
  Fannar (D:10)
  4 hydras
  2 centaur warriors
  12 dancing weapons
  11 death yaks
  An orc high priest (Elf:1)
  2 tengu warriors
  6 deep elf knights
  Nergalle (Orc:1)
  2 unseen horrors
  3 hill giants
  7 deep elf archers
  A wizard (Lair:8)
  Pikel (D:5)
  A necromancer (Lair:5)
  A wolf spider zombie (D:12)
  39 deep elf magi
  An orc knight (D:12)
  A faun (Lair:2)
  8 ugly things
  3 griffons
  A manticore (D:14)
  5 black mambas
  3 elephants (Lair:8)
  Maurice (Orc:1)
  2 centaur zombies
  15 spiny frogs
  3 torpor snails
  4 centaur skeletons
  A gargoyle (D:13)
  7 rime drakes
  A tengu conjurer (D:13)
  2 kobold demonologists
  7 komodo dragons
  2 polar bears
  8 trolls
  3 two-headed ogres
  Grinder (D:5)
  9 blink frogs
  A slime creature (Lair:7)
  Sigmund (D:6)
  A spriggan (D:8)
  A redback (shapeshifter) (D:14)
  3 air elementals
  4 fire elementals
  4 wraiths (D:13)
  3 water elementals
  3 shadows
  2 wyverns
  71 yaks
  5 hungry ghosts
  12 hippogriffs
  2 vampire mosquitoes (D:12)
  18 wolves
  2 basilisks
  Edmund (D:5)
  7 swamp worms (D:9)
  2 nagas (Lair:4)
  2 wargs (Orc:1)
  22 water moccasins
  9 porcupines
  A hell hound (D:14)
  5 ice beasts
  4 sky beasts
  17 orc warriors
  A phantom (D:8)
  2 wasps
  A necrophage (D:10)
  3 boggarts (D:14)
  10 ogres
  16 centaurs
  16 crocodiles
  A komodo dragon zombie (Lair:5)
  9 big kobolds
  18 giant frogs
  2 earth elementals
  2 scorpions
  A wyvern skeleton (D:14)
  3 killer bees (D:11)
  14 wights
  3 electric eels (Lair:5)
  5 crimson imps
  2 howler monkeys (D:12)
  2 giant frog zombies
  15 jellies
  12 orc priests
  16 orc wizards
  Crazy Yiuf (D:6)
  6 hounds
  2 giant frog skeletons
  8 iguanas
  8 worker ants
  12 sheep
  A hound zombie (D:7)
  A hound skeleton (D:10)
  2 worker ant zombies (D:7)
  18 adders
  A howler monkey skeleton (D:5)
  61 river rats
  3 shadow imps
  21 oozes
  An adder zombie (D:6)
  14 worms
  2 dart slugs
  9 giant geckos
  72 orcs
  4 ball pythons
  8 giant cockroaches
  4 hobgoblins
  12 jackals
  17 kobolds
  A quokka (D:2)
  A ball python zombie (D:5)
  12 bats
  A giant gecko zombie (D:6)
  10 giant newts
  9 goblins
  26 rats
  3 fungi
  5 plants
912 creatures vanquished.

Vanquished Creatures (others)
  A deep elf blademaster (Elf:3)
  A deep elf master archer (Elf:3)
  8 deep elf sorcerers (Elf:3)
  2 deep elf elementalists (Elf:3)
  A deep elf demonologist (Elf:3)
  7 deep elf annihilators (Elf:3)
  3 deep elf death magi (Elf:3)
  A fire dragon (shapeshifter) (D:14)
  10 deep elf high priests
  2 hydras
  A hell beast (Lair:8)
  2 orc high priests (Orc:2)
  A deep elf knight (Elf:3)
  An infernal demonspawn (Orc:2)
  5 deep elf archers
  A gelid demonspawn (Orc:2)
  A putrid demonspawn (Orc:2)
  5 orc knights
  3 deep elf magi
  An ugly thing (D:15)
  10 orc sorcerers (Orc:2)
  A sixfirhy (Orc:2)
  A torpor snail (shapeshifter) (D:15)
  A black mamba (Lair:2)
  5 orange demons
  2 hellwings
  2 ice devils (Lair:8)
  A red devil (Lair:8)
  3 trolls
  A two-headed ogre (Orc:2)
  2 yaks
  A wyvern (D:10)
  2 water elementals (Elf:3)
  A water moccasin (D:5)
  4 hell hounds
  17 orc warriors
  A wasp (D:14)
  An ogre (Elf:3)
  4 electric eels
  A crimson imp (D:5)
  12 orc priests
  A giant frog skeleton (D:5)
  2 orc wizards (Elf:3)
  2 river rats (Lair:8)
  An adder (D:5)
  A shadow imp (D:5)
  14 orcs
  A jackal (D:5)
  2 giant newts (D:5)
  A bush (Lair:8)
  2 crawling corpses (Elf:3)
  43 fungi
  28 plants
  17 starspawn tentacles
  75 starspawn tentacle segments
  8 withered plants (D:15)
328 creatures vanquished.

Grand Total: 1240 creatures vanquished

Notes
Turn   | Place    | Note
--------------------------------------------------------------
     0 | Abyss:1  | namelastname112 the Draconian Abyssal Knight began the quest for the Orb.
     0 | Abyss:1  | Reached XP level 1. HP: 19/19 MP: 2/2
    92 | Abyss:3  | Noticed an ancient zyme
   115 | D:1      | Escaped the Abyss
   356 | D:1      | Reached * piety under Lugonu
   538 | D:1      | Reached XP level 2. HP: 24/26 MP: 3/3
   853 | D:1      | Reached XP level 3. HP: 29/31 MP: 5/5
   950 | D:1      | Reached ** piety under Lugonu
  2039 | D:2      | Reached XP level 4. HP: 40/40 MP: 6/6
  2221 | D:2      | Reached *** piety under Lugonu
  2845 | D:3      | Reached XP level 5. HP: 43/46 MP: 7/7
  3046 | D:3      | Noticed a sky beast
  3065 | D:3      | Killed a sky beast
  3074 | D:3      | Gained mutation: You have an increased reservoir of magic (+10% MP). [mutagenic meat]
  3075 | D:3      | Gained mutation: You are somewhat resistant to further mutation. [mutagenic meat]
  3076 | D:3      | Lost mutation: You are somewhat resistant to further mutation. [mutagenic meat]
  3077 | D:3      | Gained mutation: Your muscles are strong. (Str +2) [mutagenic meat]
  3078 | D:3      | Gained mutation: Your flesh is cold resistant. [mutagenic meat]
  3079 | D:3      | Gained mutation: Your large and strong wings let you fly indefinitely. [mutagenic meat]
  3266 | D:4      | Noticed an ogre
  3268 | D:4      | Reached XP level 6. HP: 53/53 MP: 10/10
  3276 | D:4      | Reached **** piety under Lugonu
  3531 | D:4      | Reached skill level 5 in Invocations
  3531 | D:4      | Your scales start taking on a weird mottled colour.
  3531 | D:4      | Reached XP level 7. HP: 60/60 MP: 11/11
  3786 | D:4      | Reached skill level 5 in Fighting
  3902 | D:4      | Reached skill level 5 in Axes
  3949 | D:5      | Entered Level 5 of the Dungeon
  3949 | D:5      | Noticed Pikel
  3965 | D:5      | Killed Pikel
  3965 | D:5      | Reached XP level 8. HP: 62/69 MP: 13/13
  4293 | D:5      | Found a snail-covered altar of Cheibriados.
  4326 | D:5      | Noticed Edmund
  4334 | D:5      | Killed Edmund
  4549 | D:5      | Noticed Grinder
  4631 | D:5      | Killed Grinder
  4893 | D:6      | Noticed Sigmund
  4914 | D:6      | Killed Sigmund
  4914 | D:6      | Reached XP level 9. HP: 40/78 MP: 16/16
  4981 | D:6      | Found a glowing drain.
  5003 | Sewer    | Entered a sewer
  5180 | Sewer    | Reached skill level 5 in Dodging
  5636 | D:6      | Found an ancient bone altar of Kikubaaqudgha.
  5662 | D:6      | Found an iron altar of Okawaru.
  5680 | D:6      | Found a basalt altar of Yredelemnul.
  5680 | D:6      | Found an oddly glowing altar of Pakellas.
  5680 | D:6      | Found an opulent altar of Gozag.
  5682 | D:6      | Found a radiant altar of Vehumet.
  5685 | D:6      | Found a shadowy altar of Dithmenos.
  6132 | D:6      | Noticed Crazy Yiuf
  6137 | D:6      | Killed Crazy Yiuf
  6300 | D:7      | Found a blossoming altar of Fedhas.
  6382 | D:7      | Found a staircase to the Ecumenical Temple.
  6779 | D:7      | Found Nagywia's Assorted Antiques.
  6793 | D:7      | Identified a scroll of acquirement
  6794 | D:7      | Got a dazzling broad axe
  6795 | D:7      | Identified the +9 broad axe of Cheese {chop, rF+ Str+2 Int-3 SInv} (You acquired it on level 7 of the Dungeon)
  6873 | D:7      | Bought a scroll labeled NEZADE ESANI for 21 gold pieces
  6873 | D:7      | Bought a murky coppery potion for 18 gold pieces
  6873 | D:7      | Bought a copper wand for 84 gold pieces
  7194 | D:8      | Reached ***** piety under Lugonu
  7198 | D:8      | Reached skill level 1 in Shields
  7220 | D:8      | Reached XP level 10. HP: 52/86 MP: 18/18
  8034 | D:9      | Found a sacrificial altar of Ru.
  8796 | D:9      | Got a polished cloak
  8807 | D:9      | Identified the +2 cloak "Juitecs" {-Tele rN+ MP+9} (You found it on level 9 of the Dungeon)
  8897 | D:9      | Reached skill level 10 in Invocations
  9518 | D:9      | Found a glowing golden altar of the Shining One.
  9518 | D:9      | Found a burning altar of Makhleb.
  9754 | D:10     | Entered Level 10 of the Dungeon
  9777 | D:10     | Noticed Fannar
 10075 | D:10     | Killed Fannar
 10075 | D:10     | Reached XP level 11. HP: 71/95 MP: 20/20
 10202 | D:10     | Found a portal to a secret trove of treasure.
 10363 | D:10     | Reached skill level 10 in Axes
 10681 | D:10     | Noticed a hill giant
 10689 | D:10     | Killed a hill giant
 11097 | D:10     | Noticed a hill giant
 11108 | D:10     | Killed a hill giant
 11215 | D:11     | Found a shadowy altar of Dithmenos.
 11357 | D:11     | Noticed an unseen horror
 11364 | D:11     | Killed an unseen horror
 11648 | D:11     | Found a staircase to the Lair.
 12400 | D:12     | Reached skill level 5 in Shields
 12594 | D:12     | Noticed a red ugly thing
 12604 | D:12     | Killed a red ugly thing
 12703 | D:12     | Found a staircase to the Orcish Mines.
 12707 | D:12     | Reached XP level 12. HP: 87/105 MP: 23/23
 12917 | D:12     | Found Umilien's Jewellery Emporium.
 13498 | D:13     | Noticed a tengu warrior
 13509 | D:13     | Killed a tengu warrior
 13509 | D:13     | Reached ****** piety under Lugonu
 14025 | D:13     | Got an encrusted war axe
 14026 | D:13     | Identified the cursed +1 war axe "Obisist" {chop, Int+5} (You found it on level 13 of the Dungeon)
 14241 | D:13     | Noticed Josephine
 14252 | D:13     | Killed Josephine
 14397 | D:13     | Noticed a centaur warrior
 14406 | D:13     | Killed a centaur warrior
 14406 | D:13     | Reached skill level 10 in Fighting
 14470 | D:14     | Noticed a centaur warrior
 14473 | D:14     | Found a gate to the Vaults.
 14479 | D:14     | Killed a centaur warrior
 14487 | D:14     | Noticed an ettin
 14487 | D:14     | a shining eye changed into an ettin
 14489 | D:14     | Noticed a fire dragon
 14489 | D:14     | an ettin changed into a fire dragon
 14495 | D:14     | Banished a fire dragon
 14834 | D:14     | Found a blossoming altar of Fedhas.
 14932 | D:14     | Noticed Azrael
 14935 | D:14     | Banished Azrael
 15456 | D:14     | Noticed a tengu warrior
 15466 | D:14     | Killed a tengu warrior
 16204 | D:15     | Entered Level 15 of the Dungeon
 16204 | D:15     | Found a staircase to the Depths.
 16218 | D:15     | Reached XP level 13. HP: 103/114 MP: 25/25
 16952 | Orc:1    | Entered Level 1 of the Orcish Mines
 17600 | Orc:2    | Entered Level 2 of the Orcish Mines
 17600 | Orc:2    | Found a roughly hewn altar of Beogh.
 18134 | Orc:2    | Found a roughly hewn altar of Beogh.
 18255 | Orc:2    | Found Juc Rowo's General Store.
 18272 | Orc:2    | Corrupted Orc:2
 18272 | Orc:2    | Noticed a balrug
 18273 | Orc:2    | Noticed a starcursed mass
 18273 | Orc:2    | Noticed a tentacled starspawn
 18409 | Orc:2    | Found Bukk's Gadget Shop.
 18410 | Orc:2    | Found a one-way gate leading to the halls of Pandemonium.
 18412 | Orc:2    | Found Kosh's Antique Weapon Boutique.
 18453 | Orc:2    | Found Fouxima's Food Emporium.
 18678 | Orc:2    | Found a staircase to the Elven Halls.
 19023 | Orc:1    | Noticed Nergalle
 19032 | Orc:1    | Noticed Maurice
 19038 | Orc:1    | Killed Nergalle
 19047 | Orc:1    | Killed Maurice
 20287 | Lair:1   | Entered Level 1 of the Lair of Beasts
 21215 | Lair:2   | Identified a +1 rod of inaccuracy (11/11) (You found it on level 2 of the Lair of Beasts)
 21243 | Lair:2   | Noticed Gastronok
 22017 | Lair:3   | Found a staircase to the Shoals.
 22823 | Lair:4   | Reached XP level 14. HP: 87/124 MP: 27/27
 22909 | Lair:4   | Found a staircase to the Snake Pit.
 24406 | Lair:6   | Found a bloodstained altar of Trog.
 26435 | Lair:7   | Found a staircase to the Slime Pits.
 27171 | Lair:8   | Entered Level 8 of the Lair of Beasts
 27174 | Lair:8   | Noticed Maud
 27224 | Lair:8   | Reached skill level 10 in Dodging
 27286 | Lair:8   | Reached skill level 15 in Invocations
 27714 | Lair:8   | Found a burning altar of Makhleb.
 27717 | Lair:8   | Corrupted Lair:8
 27717 | Lair:8   | Noticed an Executioner
 27717 | Lair:8   | Noticed a tentacled starspawn
 27717 | Lair:8   | Noticed a starcursed mass
 27717 | Lair:8   | Noticed a starcursed mass
 27717 | Lair:8   | Noticed a tentacled starspawn
 27719 | Lair:8   | Noticed a tentacled starspawn
 27723 | Lair:8   | Noticed a lich
 27812 | Lair:8   | Noticed a tentacled starspawn
 27813 | Lair:8   | Noticed a Hell Sentinel
 27830 | Lair:8   | Found a gateway to Hell.
 27834 | Lair:8   | Got a heavily runed golden ring
 27836 | Lair:8   | Identified the ring of Iwon {rElec rC- MR+ Str+3} (You found it on level 8 of the Lair of Beasts)
 28056 | Lair:8   | Reached XP level 15. HP: 74/133 MP: 29/29
 28099 | Lair:8   | Killed Maud
 28099 | Lair:8   | Reached skill level 10 in Shields
 28426 | Lair:8   | Got a pair of spiked boots
 28440 | Lair:8   | Identified the +0 pair of boots "Usexos" {Dex+2} (You acquired it on level 8 of the Lair of Beasts)
 29158 | Lair:8   | Reached skill level 1 in Evocations
 30077 | Lair:2   | Killed Gastronok
 30327 | Elf:1    | Entered Level 1 of the Elven Halls
 31617 | Elf:1    | Found Quggaim's Gadget Emporium.
 31847 | Elf:1    | Noticed Donald
 31883 | Elf:1    | Killed Donald
 32210 | Elf:1    | Noticed Agnes
 32240 | Elf:1    | Killed Agnes
 32624 | Elf:1    | Reached skill level 5 in Evocations
 32932 | Elf:2    | Found Esmaiss's Distillery.
 32948 | Elf:2    | Bought a potion of curing for 63 gold pieces
 32948 | Elf:2    | Bought a potion of curing for 63 gold pieces
 32948 | Elf:2    | Bought a potion of curing for 63 gold pieces
 32948 | Elf:2    | Bought a potion of heal wounds for 105 gold pieces
 33573 | Elf:2    | Found a runed gate.
 33574 | Elf:2    | Found a runed gate.
 33577 | Elf:2    | Found a runed gate.
 33593 | Elf:2    | Noticed an Ice Fiend
 33594 | Elf:2    | Noticed a deep elf sorcerer
 34230 | Elf:3    | Entered Level 3 of the Elven Halls
 34230 | Elf:3    | Noticed Jorgrun
 34277 | Elf:3    | Reached XP level 16. HP: 106/144 MP: 30/30
 34414 | Elf:3    | Killed Jorgrun
 34708 | Elf:3    | Reached skill level 15 in Axes
 35425 | Elf:3    | Corrupted Elf:3
 35428 | Elf:3    | Noticed a deep elf blademaster
 35429 | Elf:3    | Noticed a deep elf master archer
 35437 | Elf:3    | Killed a deep elf blademaster
 35500 | Elf:3    | Killed a deep elf master archer
 35897 | Elf:3    | Noticed Saint Roka
 35927 | Elf:3    | Killed Saint Roka
 37460 | Elf:3    | Noticed a deep elf master archer
 37899 | Elf:3    | Killed a deep elf master archer
 38094 | Elf:3    | Shot with an arrow by a deep elf master archer

Vault maps used:
D:1:      erik_arrival_orb_chamber, minmay_cupped
D:2:      serial_corexii_hall, corexii_hall_statues_s,
          corexii_hall_statues_deadend, corexii_hall_statues_x,
          corexii_hall_statues_l, minmay_joined_circles
D:5:      kennysheep_little_box, first_bread, uniq_grinder, uniq_pikel,
          uniq_edmund
D:6:      lemuel_coloured_pillars_altar, minitemple, portal_sewer_entry_b,
          uniq_sigmund, uniq_crazy_yiuf_cottage
D:7:      kennysheep_mini_moat, minmay_temple_entry_poolview, serial_shops, shop
D:8:      the_bakery
D:9:      hangedman_ru_absence, gammafunk_temple_overflow_elements, worms_lemuel
D:10:     enter_trove_3, minmay_misc_feat_chi, minmay_liquid_box, uniq_fannar
D:11:     minmay_lair_entry_grove, nicolae_dithmenos_through_a_glass_darkly
D:12:     serial_shops, shop
D:13:     solitary_fountain, uniq_josephine
D:14:     david_vaults_2, fountainhead, basic_altar, uniq_azrael
D:15:     gammafunk_depths_entry_grave, hangedman_abyss_or_decor_lesser_grid,
          hangedman_decor_push
Lair:2:   grunt_forest_large_clearings, serial_bayou_shore_a, uniq_gastronok
Lair:3:   shoals_dummy_entry, grunt_megastairs_2
Lair:4:   guppyfry_snake_entry_island, st_stairs_13
Lair:5:   pond_and_an_island_with_a_cottage, infiniplex_staircase_pool
Lair:6:   basic_altar, lemuel_fruit_tree
Lair:7:   lemuel_slime, nicolae_slime_entry_slimehenge
Lair:8:   evil_forest, bobbens_dragon_lair_wall, uniq_maud
Orc:1:    nicolae_orc_rich_vein, uniq_nergalle, uniq_maurice
Orc:2:    pf_orc_diabolical, basic_altar, mines2_david
Elf:1:    serial_shops, shop, orc_legates, statue_in_the_mist_lemuel,
          st_stairs_13, hangedman_decor_cross_pass, uniq_donald, uniq_agnes
Elf:2:    serial_shops, shop
Elf:3:    minmay_elf_hall_hex, uniq_saint_roka, uniq_jorgrun
Abyss:3:  hangedman_decor_lopped
Sewer:    sewer_co_tree

Skill      XL: |  1  2  3  4  5  6  7  8  9 10 11 12 13 14 15 16 |
---------------+-------------------------------------------------+-----
Invocations    | 3 4 5 6 7 9 10 11 13 14 15 | 15.2
Axes           | 3 4 5 7 8 9 11 12 13 14 15 | 15.5
Fighting       | 4 5 6 7 8 9 10 11 12 13 14 | 14.4
Dodging        | 3 4 5 6 7 8 9 10 11 12 | 12.1
Shields        | 1 3 5 6 8 9 10 | 10.0
Evocations     | 5 7 |  7.6

Action                   |  1- 3 |  4- 6 |  7- 9 | 10-12 | 13-15 | 16-18 || total
-------------------------+-------+-------+-------+-------+-------+-------++-------
Melee: Hand axe          |   167 |   132 |       |       |       |       ||   299
       War axe           |       |     3 |   383 |       |       |       ||   386
       Broad axe         |       |       |    20 |   564 |  1250 |   240 ||  2074
       Demon whip        |       |       |       |       |    21 |       ||    21
Invok: Depart the Abyss  |     1 |       |       |       |       |       ||     1
       Banish            |       |       |       |    14 |    32 |     6 ||    52
       Bend Space        |       |       |       |     2 |     6 |     1 ||     9
       Corrupt           |       |       |       |       |     2 |     1 ||     3
 Abil: Evoke Berserk Rag |     1 |     4 |       |       |       |       ||     5
       Fly               |       |     1 |       |       |     2 |       ||     3
       Breathe Sticky Fl |       |       |     9 |    11 |    15 |     6 ||    41
       Stop Flying       |       |       |       |       |     2 |       ||     2
Evoke: Wand              |       |       |       |       |     3 |       ||     3
       Rod               |       |       |       |       |     3 |       ||     3
       Deck              |       |       |       |       |     2 |       ||     2
  Use: Scroll            |       |       |    16 |    11 |    19 |     4 ||    50
       Potion            |       |       |       |     3 |     5 |     7 ||    15
 Stab: Sleeping          |       |       |     2 |       |     6 |       ||     8
       Distracted        |       |       |       |     1 |     2 |       ||     3
  Eat: Chunk             |     3 |    15 |    14 |    19 |    30 |       ||    81
       Meat ration       |       |       |       |     4 |     7 |     1 ||    12
       Pizza             |       |       |       |     1 |       |       ||     1
       Royal jelly       |       |       |       |     1 |       |       ||     1
       Beef jerky        |       |       |       |       |     5 |     3 ||     8
       Bread ration      |       |       |       |       |     1 |       ||     1
       Fruit             |       |       |       |       |       |     2 ||     2
